 Dungeon Crawl Stone Soup version 0.31.0-1-g2c135a0 (webtiles) character file.

Game seed: 488733542439747973

255 samcosmo the Firebug (level 5, 0/42 HPs)
             Began as a Draconian Fire Elementalist on Mar 18, 2024.
             Slain by a sleepcap (2 damage)
             ... on level 4 of the Dungeon.
             The game lasted 00:08:00 (3521 turns).

samcosmo the Firebug (Draconian Fire Elementalist)  Turns: 3521, Time: 00:08:02

Health: 0/42       AC:  6    Str: 10    XL:     5   Next: 91%
Magic:  0/10       EV: 12    Int: 17    God:
Gold:   279        SH:  0    Dex: 12    Spells: 8/11 levels left

rFire   . . .        i - +1 whip
rCold   . . .        (no shield)
rNeg    . . .        (body armour unavailable)
rPois   .            (helmet restricted)
rElec   .            f - +0 cloak
rCorr   .            (no gloves)
SInv    .            (no boots)
Will    .....        d - amulet of faith
Stlth   ++           (no ring)
HPRegen 0.27/turn    (no ring)
MPRegen 0.12/turn

%: faith
@: no status effects
A: AC +5, unfitting armour, cold-blooded
a: no special abilities


You were on level 4 of the Dungeon.
You visited 1 branch of the dungeon, and saw 4 of its levels.

You collected 279 gold pieces.

Inventory:

Hand Weapons
 i - a +1 whip (weapon)
Armour
 f - a +0 cloak (worn)
Jewellery
 d - an amulet of faith (around neck)
Talismans
 m - a storm talisman
 o - a talisman of death
Wands
 l - a wand of mindburst (10)
Scrolls
 c - a scroll of poison
Potions
 a - a potion of magic
 b - 2 potions of attraction
 e - a potion of lignification
 g - a potion of degeneration
 h - a potion of invisibility {unknown}
 j - a potion of brilliance {unknown}
 k - 2 potions of curing {unknown}
 p - a potion of cancellation {unknown}


   Skills:
 + Level 2.5 Fighting
 + Level 2.8 Dodging
 - Level 1.7 Stealth
 * Level 3.8 Spellcasting
 + Level 1.7 Conjurations
 + Level 3.9 Fire Magic


You had 8 spell levels left.
You knew the following spells:

 Your Spells              Type           Power      Damage    Failure   Level
a - Foxfire               Conj/Fire      48%        2x1d6     4%          1
b - Scorch                Fire           32%        2d6       4%          2

Your spell library contained the following spells:

 Spells                   Type           Power      Damage    Failure   Level
 Inner Flame              Hex/Fire       9%         N/A       22%         3
 Volatile Blastmotes      Fire/Tloc      18%        2d11      22%         3
 Flame Wave               Conj/Fire      12%        2d6       45%         4


Dungeon Overview and Level Annotations

Branches:
Dungeon (4/15)
 Temple: D:4-7

Altars:

Annotations:
D:2 1 runed translucent door, Crazy Yiuf


Innate Abilities, Weirdness & Mutations

Your plain brown scales are hard. (AC +5)
You cannot fit into any form of body armour.
You are cold-blooded and may be slowed by cold attacks.


Message History

The sleepcap is moderately damaged.
The sleepcap closely misses you.
You hit the sleepcap.
The sleepcap is moderately damaged.
The sleepcap closely misses you.
You hit the sleepcap. You tail-slap the sleepcap.
The sleepcap is heavily damaged.
The sleepcap completely misses you.
You hit the sleepcap but do no damage.
You tail-slap the sleepcap, but do no damage.
The sleepcap is heavily damaged.
The sleepcap releases spores at you.
You are engulfed in a cloud of soporific spores!
You fall asleep.
You wake up.
You hit the sleepcap but do no damage.
The sleepcap is heavily damaged.
The sleepcap barely misses you.
You hit the sleepcap.
You tail-slap the sleepcap, but do no damage.
The sleepcap is heavily damaged.
The sleepcap closely misses you.
You hit the sleepcap. You tail-slap the sleepcap.
The sleepcap is severely damaged.
The sleepcap barely misses you.
You hit the sleepcap but do no damage.
The sleepcap is severely damaged.
The sleepcap releases spores at you.
* * * LOW HITPOINT WARNING * * *
You are engulfed in a cloud of soporific spores!
You fall asleep.
The sleepcap releases spores at you!
You wake up.
* * * LOW HITPOINT WARNING * * *
Casting: Scorch (safe; 4% risk of failure)
Confirm with . or Enter, or press ? or * to list all spells.
Flames lash the sleepcap.
The sleepcap is severely damaged.
The sleepcap's fire resistance burns away.
The sleepcap releases spores at you.
You die...

.................
.................
................
................
....[...........
................
#.....#
#†########## ##
#.# #..f@.#
.#####
#.####.###.#
.#...###......#
.#
.........†...##
## ............J#
...)........f#
.............# #
.............# #
............... #


You could see a sleepcap (combustible).

Vanquished Creatures
  A howler monkey (D:4)
  2 iguanas (D:4)
  An orc wizard (D:3)
  6 adders
  4 dart slugs
  A ribbon worm (D:2)
  5 orcs
  11 endoplasms
  5 goblins
  9 hobgoblins
  6 quokkas
  8 ball pythons
  5 bats
  2 frilled lizards (D:2)
  2 kobolds
  5 rats
73 creatures vanquished.

Vanquished Creatures (others)
  223 foxfires
223 creatures vanquished.

Grand Total: 296 creatures vanquished

Notes
Turn   | Place    | Note
-------+----------+-------------------------------------------
     0 | D:1      | samcosmo the Draconian Fire Elementalist began the quest
                  | for the Orb.
     0 | D:1      | Reached XP level 1. HP: 14/14 MP: 3/3
   415 | D:1      | Reached XP level 2. HP: 13/22 MP: 0/5
   753 | D:1      | Reached skill level 1 in Fighting
  1150 | D:2      | Reached XP level 3. HP: 28/28 MP: 2/6
  1383 | D:2      | Learned a level 2 spell: Scorch
  1926 | D:2      | Reached XP level 4. HP: 35/35 MP: 4/8
  2209 | D:2      | Found a runed translucent door.
  2210 | D:2      | Noticed Crazy Yiuf
  2947 | D:3      | Reached XP level 5. HP: 41/41 MP: 7/10
  3520 | D:4      | HP: 1/42 [sleepcap (10)]
  3521 | D:4      | Slain by a sleepcap

Illustrated notes

Levels and vault maps discovered:
D:1:      moated_graveyard_arrival, layout_loops_ring, minmay_tetromino_s4
D:2:      layout_basic, uniq_crazy_yiuf_cottage
D:3:      layout_rooms
D:4:      layout_basic, guppyfry_early_orc_mine

Skill      XL: |  1  2  3  4 |
---------------+-------------+-----
Dodging        | 2 |  2.8
Fighting       | 1 2 |  2.5
Spellcasting   | 3 |  3.8
Stealth        | |  1.7
Conjurations   | |  1.7
Fire Magic     | |  3.9

Action                     |  1- 3 |  4- 6 || total
---------------------------+-------+-------++-------
  Melee: Unarmed           |    61 |       ||    61
         Tailslap          |    10 |     6 ||    16
         Whip              |    16 |    55 ||    71
   Cast: Foxfire           |    64 |    65 ||   129
         Scorch            |       |     5 ||     5
    Use: Scroll            |       |     7 ||     7
   Stab: Sleeping          |     3 |       ||     3
 Armour: Skin              |    45 |    51 ||    96
  Dodge: Dodged            |    52 |    44 ||    96
